 Dungeon Crawl Stone Soup version 0.24-a0-447-ge8da9206dc (webtiles) character file.

Game seed: 6306322309720459362

950 Krouwed the Covert (level 7, 0/72 HPs)
             Began as a Vampire Assassin on June 24, 2019.
             Succumbed to a scorpion's poison
             ... on level 5 of the Dungeon.
             The game lasted 00:10:52 (4749 turns).

Krouwed the Covert (Vampire Assassin)               Turns: 4749, Time: 00:10:53

Health: 0/72       AC: 23    Str: 12      XL:     7   Next: 90%
Magic:  7/7        EV:  2    Int: 13      God:
Gold:   263        SH:  0    Dex: 15 (16) Spells: 6/6 levels left

rFire    . . .     SeeInvis +   a - +2 dagger
rCold    . . .     Gourm    .   (no shield)
rNeg     + + +     Faith    .   (armour currently unavailable)
rPois    +         Spirit   .   (helmet currently unavailable)
rElec    .         Reflect  .   (cloak currently unavailable)
rCorr    .         Harm     .   (gloves currently unavailable)
MR       .....     NoTele   +   (boots currently unavailable)
Stlth    ++++......             (no amulet)
HPRegen  0.42/turn              (no ring)
MPRegen  0.10/turn              (no ring)

@: lethally poisoned (0 -> -6), tree-form, regenerating quickly
A: no food, see invisible, [frail 1]
a: Exsanguinate


You were on level 5 of the Dungeon.
You were alive.
You were a tree.
You visited 1 branch of the dungeon, and saw 5 of its levels.

You collected 263 gold pieces.

Inventory:

Hand Weapons
 a - a +2 dagger (weapon)
Missiles
 e - 15 poisoned darts
 o - 2 curare-tipped darts (quivered)
Armour
 c - a +0 cloak (melded)
 y - a +3 leather armour of positive energy (melded)
Wands
 l - a wand of disintegration (14)
 x - a wand of digging (4)
Scrolls
 f - 11 scrolls of identify
 h - 4 scrolls of teleportation {unknown}
 i - 2 scrolls of remove curse {unknown}
 j - a scroll of blinking {unknown}
 k - 3 scrolls of immolation {unknown}
 m - 2 scrolls of fog {unknown}
 p - 3 scrolls of amnesia
 r - a scroll of enchant weapon {unknown}
 t - 2 scrolls of magic mapping {unknown}
Potions
 g - a potion of magic
 q - a potion of brilliance {unknown}
 s - a potion of resistance {unknown}
 u - a potion of curing {unknown}
 v - a potion of degeneration {unknown}


   Skills:
 + Level 4.0 Fighting
 + Level 4.9 Short Blades
 + Level 3.6 Throwing
 + Level 4.4 Dodging
 + Level 8.5 Stealth


You had 6 spell levels left.
You didn't know any spells.
Your spell library was empty.

Dungeon Overview and Level Annotations

Branches:
Dungeon (5/15)
 Temple: D:4-7

Altars:
Ru
Wu Jian
Xom


Innate Abilities, Weirdness & Mutations

You do not eat.
Your natural rate of healing is unusually fast.
((You have razor-sharp teeth.))
You have supernaturally acute eyesight. (SInv)
((You can survive without breathing.))
[You are frail. (-10% HP)]


Message History

It was a potion of might.
You feel very mighty all of a sudden.
* * * LOW HITPOINT WARNING * * *
You feel sick.
The crimson imp blinks!
As you read the scroll labeled CUXUPH MOGU, it crumbles to dust.
It is a scroll of identify.
d - a potion of lignification
* * * LOW HITPOINT WARNING * * *
You feel sick.
Your magical effects are unravelling.
You feel magically purged.
You feel a little less mighty now.
* * * LOW HITPOINT WARNING * * *
You feel sick.
The crimson imp blinks!
Really quaff the potion of lignification?
You turn into a tree.
Your +0 cloak melds into your body.
Your +3 leather armour of positive energy melds into your body.
You feel less protected from negative energy.
Your roots penetrate the ground.
You die...

####### # .....# #.##.#.#
#.#....# #......##########
.##.#.#......♣.5....#
.........#.########.#
....#.##.#.# #.# .# ##
#.##5#.# ##.## . #......#
##...## # ###...## #.....#
# ##.....## #.....# #
#....>..## #.....# #
#.........####....#########


You could see a crimson imp.

Vanquished Creatures
  Sigmund (D:3)
  Eustachio (D:5)
  A phantom (D:3)
  A bullfrog (D:5)
  A scorpion (D:5)
  2 crimson imps
  2 hounds (D:4)
  A centaur skeleton (D:4)
  A bullfrog skeleton (D:4)
  Ijyb (D:5)
  Natasha (thrice) (D:4)
  7 adders
  A shadow imp (D:3)
  An ooze (D:4)
  3 worms
  2 dart slugs (D:2)
  2 leopard geckos
  4 orcs
  3 giant cockroaches
  8 goblins
  14 hobgoblins
  6 jackals (D:2)
  2 quokkas (D:2)
  A ball python (D:2)
  13 bats
  5 frilled lizards
  7 kobolds
  8 rats
102 creatures vanquished.

Notes
Turn   | Place    | Note
-------+----------+-------------------------------------------
     0 | D:1      | Krouwed the Vampire Assassin began the quest for the Orb.
     0 | D:1      | Reached XP level 1. HP: 16/16 MP: 1/1
    81 | D:1      | Reached skill level 6 in Stealth
    98 | D:1      | Reached XP level 2. HP: 22/22 MP: 2/2
   852 | D:2      | Reached XP level 3. HP: 27/27 MP: 3/3
  1290 | D:2      | Reached XP level 4. HP: 34/34 MP: 4/4
  1912 | D:3      | Noticed Sigmund
  1978 | D:3      | Killed Sigmund
  1978 | D:3      | Reached skill level 7 in Stealth
  1978 | D:3      | Reached XP level 5. HP: 24/41 MP: 5/5
  1978 | D:3      | Reached XP level 6. HP: 28/47 MP: 6/6
  2431 | D:3      | Found a faded altar of an unknown god.
  2790 | D:4      | Found a sacrificial altar of Ru.
  2833 | D:4      | Reached XP level 7. HP: 46/52 MP: 7/7
  3000 | D:4      | Noticed Natasha
  3013 | D:4      | Killed Natasha
  3437 | D:4      | Noticed Natasha
  3457 | D:4      | Killed Natasha
  3617 | D:4      | Found a sacrificial altar of Ru.
  3814 | D:4      | Noticed Natasha
  3828 | D:4      | Killed Natasha
  3828 | D:4      | Reached skill level 8 in Stealth
  4453 | D:5      | Entered Level 5 of the Dungeon
  4470 | D:5      | Noticed Ijyb
  4474 | D:5      | Found an ornate altar of the Wu Jian Council.
  4475 | D:5      | Killed Ijyb
  4519 | D:5      | Found a shimmering altar of Xom.
  4609 | D:5      | Noticed Eustachio
  4647 | D:5      | Killed Eustachio
  4746 | D:5      | HP: 2/48 [poisoned by a scorpion]
  4749 | D:5      | Succumbed to a scorpion's poison

Levels and vault maps discovered:
D:1:      sevenhm_arrival_forest_fort_large_3, layout_basic
D:2:      layout_loops_corners, minmay_lizard_pond
D:3:      layout_loops_corners, first_ration, chequers_ecumenical_altar_twisty,
          uniq_sigmund
D:4:      layout_basic, nicolae_ru_awakened_eye, minmay_fountain_box,
          uniq_natasha
D:5:      layout_loops_corners, kennysheep_little_box,
          amethyst_overflow_temple_binary, minmay_manual_mail, uniq_ijyb,
          uniq_eustachio

Skill      XL: |  1  2  3  4  5  6  7 |
---------------+----------------------+-----
Stealth        | 6 7 8 |  8.5
Fighting       | 2 3 4 |  4.0
Throwing       | 2 3 |  3.6
Dodging        | 2 3 4 |  4.4
Short Blades   | 3 4 |  4.9

Action                   |  1- 3 |  4- 6 |  7- 9 || total
-------------------------+-------+-------+-------++-------
Melee: Dagger            |   135 |   185 |   125 ||   445
       Bite              |     9 |    15 |    12 ||    36
Throw: Dart              |       |    10 |    12 ||    22
 Abil: Exsanguinate      |       |       |     1 ||     1
       Revivify          |       |       |     1 ||     1
Evoke: Wand              |       |       |     1 ||     1
  Use: Potion            |       |       |     5 ||     5
       Scroll            |       |       |     2 ||     2
 Stab: Sleeping          |    14 |    11 |     2 ||    27
Armor: Robe              |    14 |       |       ||    14
       Leather armour    |     2 |       |    27 ||    29
       Ring mail         |    21 |    44 |    12 ||    77
Dodge: Dodged            |    80 |    80 |    86 ||   246

Table legend:
 A = Non-vault XP
 B = Vault XP
 C = Vault XP percentage of total XP
 D = Non-vault monster count
 E = Vault monster count
 F = Vault count percentage of total count
                 A         B        C        D         E       F
            +---------+---------+-------+---------+---------+-------
      Total |     875 |     483 |  35.6 |      94 |       8 |   7.8
            +---------+---------+-------+---------+---------+-------
        D:1 |      40 |       0 |   0.0 |      24 |       0 |   0.0
        D:2 |      87 |       4 |   4.4 |      31 |       4 |  11.4
        D:3 |     243 |     227 |  48.3 |      22 |       1 |   4.3
        D:4 |     289 |      35 |  10.8 |      14 |       1 |   6.7
        D:5 |     216 |     217 |  50.1 |       3 |       2 |  40.0
            +---------+---------+-------+---------+---------+-------
